 Dungeon Crawl Stone Soup version 0.27-a0-1147-gb3d8e82157 (webtiles) character file.

Game seed: 7378107549445879342

30057 robertstho the Eclecticist (level 13, -14/85 HPs)
             Began as a Djinni Fire Elementalist on May 11, 2021.
             Was an Initiate of Ashenzari.
             Demolished by a skeletal warrior
             ... wielding a +0 dire flail
             ... led by a skeletal warrior
              (17 damage)
             ... on level 13 of the Dungeon.
             The game lasted 00:28:14 (12379 turns).

robertstho the Eclecticist (DjFE)                  Turns: 12379, Time: 00:28:15

Health: -14/85     AC:  6    Str: 13    XL:     13   Next: 49%
Gold:   892        EV: 19    Int: 21    God:    Ashenzari [......] SH:  0 Dex: 15

rFire    + + .     SeeInvis +   m - +2 dagger (venom)
rCold    . . .     Faith    .   (no shield)
rNeg     . . .     Spirit   .   d - +0 robe {rC+}
rPois    ∞         Reflect  .   G - +2 helmet {SInv}
rElec    .         Harm     .   H - +0 cloak
rCorr    .         Rampage  .   (no gloves)
Will     +....                  (boots unavailable)
Stlth    +++.......             k - amulet of regeneration
HPRegen  1.24/turn              f - +6 ring of strength
MPRegen  0.00/turn              I - +4 ring of evasion

@: flying
A: sickness immunity, fire resistance 2, cold vulnerability 1, float, innate
caster, hp casting, extra vitality 1
a: Renounce Religion, Curse Item


You were on level 13 of the Dungeon.
You worshipped Ashenzari.
Ashenzari was noncommittal.
You visited 1 branch of the dungeon, and saw 13 of its levels.
You also visited: Sewer.

You collected 892 gold pieces.

Inventory:

Hand Weapons
 c - a +0 spear
 m - a +2 dagger of venom (weapon)
 D - a +1 vorpal war axe
Missiles
 x - a throwing net
Armour
 d - a +0 robe of cold resistance (worn)
 G - a +2 helmet of see invisible (worn)
 H - a +0 cloak (worn)
Jewellery
 e - a ring of protection from cold
 f - a +6 ring of strength (left hand)
 k - an amulet of regeneration (around neck)
 C - a ring of positive energy
 I - a +4 ring of evasion (right hand)
 J - a ring of protection from cold
Wands
 w - a wand of mindburst (13)
 A - a wand of flame (57)
 E - a wand of acid (11)
 F - a wand of digging (2)
Scrolls
 a - 10 scrolls of teleportation
 g - 3 scrolls of fog
 h - 2 scrolls of enchant armour
 i - a scroll of immolation
 j - a scroll of holy word
 o - a scroll of summoning
 r - 4 scrolls of fear
 t - 3 scrolls of blinking
Potions
 b - 4 potions of lignification
 n - 5 potions of might
 p - a potion of magic
 q - 2 potions of brilliance
 s - 4 potions of haste
 u - 3 potions of curing
 z - 3 potions of berserk rage
 B - a potion of resistance


   Skills:
 + Level 4.6 Fighting
 + Level 4.7 Short Blades
 + Level 2.1(2.2) Axes
 + Level 0.9(1.6) Polearms
 + Level 3.2 Armour
 + Level 7.0 Dodging
 + Level 5.3 Stealth
 + Level 15.4 Spellcasting
 + Level 2.2 Evocations


You had 8 spell levels left.
You knew the following spells:

 Your Spells              Type           Power      Damage    Failure   Level
a - Foxfire               Conj/Fire      100%       2x1d9     0%          1
b - Conjure Flame         Conj/Fire      69%        6-21      1%          3
c - Inner Flame           Hex/Fire       69%        N/A       1%          3
d - Sticky Flame          Conj/Fire      69%        2d8       1%          4
e - Fireball              Conj/Fire      34%        3d14      1%          5
f - Apportation           Tloc           100%       N/A       0%          1
g - Passwall              Tmut/Erth      57%        N/A       0%          2
h - Poisonous Vapours     Pois/Air       100%       N/A       0%          2
i - Swiftness             Air            69%        N/A       1%          3
j - Agony                 Necr           69%        N/A       1%          5
k - Summon Mana Viper     Hex/Summ       69%        N/A       1%          5
Your spell library was empty.

Dungeon Overview and Level Annotations

Branches:
Dungeon (13/15)            Temple (0/1) D:4            Lair (0/6) D:8
    Orc (0/2) D:11          Sewer (visited)
 Vaults: D:13-14

Altars:
Ashenzari
Dithmenos
Elyvilon
Fedhas
Nemelex Xobeh
Ru
Trog
The Shining One


Innate Abilities, Weirdness & Mutations

You are immune to sickness and miasma.
You are immune to poison.
Your flesh is very heat resistant. (rF++)
You are vulnerable to cold. (rC-)
You float through the air rather than walking.
You learn spells naturally, not from books.
Your magical power is your life essence.
You have superior vitality. (+4 HP)


Message History

Casting: Fireball (mildly dangerous; 1% risk of failure)
Confirm with . or Enter, or press ? or * to list all spells.
Aiming: Fireball (mildly dangerous; 1% risk of failure)
Press: ? - help, Shift-Dir - straight line, f/p - skeletal warrior
Aim: a skeletal warrior, wielding a +0 dire flail (moderately damaged)
The fireball explodes!
The fireball engulfs the skeletal warrior!!
The skeletal warrior is heavily damaged.
Unknown command.
Casting: Fireball (mildly dangerous; 1% risk of failure)
Confirm with . or Enter, or press ? or * to list all spells.
Aiming: Sticky Flame (safe; 1% risk of failure)
Press: ? - help, Shift-Dir - straight line, f/p - skeletal warrior
Aim: a skeletal warrior, wielding a +0 dire flail (heavily damaged, 100% to hit)
The sticky flame hits the skeletal warrior!
The skeletal warrior is severely damaged.
The skeletal warrior is covered in liquid flames!
The skeletal warrior burns!
The skeletal warrior barely misses you.
The skeletal warrior burns!
A centaur warrior comes into view.
The centaur warrior wields a +0 shortbow.
The centaur warrior shoots an arrow.
The arrow hits you!
* * * LOW HITPOINT WARNING * * *
A centaur comes into view.
The skeletal warrior burns!
The centaur warrior shoots an arrow.
The arrow closely misses you.
Casting: Sticky Flame (safe; 1% risk of failure)
Confirm with . or Enter, or press ? or * to list all spells.
Aiming: Fireball (mildly dangerous; 1% risk of failure)
Press: ? - help, Shift-Dir - straight line, p - skeletal warrior The fireball explodes!
The fireball engulfs the centaur!!
You kill the centaur!
* * * LOW HITPOINT WARNING * * *
You hear a shout! x2
The skeletal warrior burns!
The centaur warrior shoots an arrow.
The arrow hits you!
* * * LOW HITPOINT WARNING * * *
A centaur comes into view.
The skeletal warrior hits you with a +0 dire flail!
You die...

#...........9cRuS..u.......
#.##9##.##########.##.##.##
#.##.##.# #.##.##.#
#.##c##. .....##.#
#.##)##.# ##.#... ..
#...)...##### #.#..#
#..#.#).....######....#
#######.####.........)cc##
##
...........+...z@.......#
###.c#######............#
..9...............##'####
#############+######.#
......# #####.# ......#
#.##.....# ..c...#
#.##.###.### ......###
#.##.#.....# ..9.....#
#.##.#.#.#.######


You could see a skeletal warrior (burning), a centaur warrior and a centaur.

Vanquished Creatures
  A death knight (D:13)
  A centaur warrior (D:13)
  4 two-headed ogres
  Urug (D:13)
  A skeletal warrior (D:13)
  Pikel (D:4)
  2 deep elf pyromancers
  3 ugly things
  5 cyclopes
  4 gargoyles
  2 freezing wraiths (D:13)
  3 kobold demonologists
  Psyche (D:9)
  2 komodo dragons (D:8)
  A troll (D:12)
  A meliai zombie (D:11)
  2 vampires
  3 wraiths
  A shadow (D:11)
  A wyvern (D:9)
  18 yaks
  Eustachio (D:4)
  3 basilisks (D:8)
  4 vampire mosquitoes (D:8)
  A warg (D:11)
  3 acid dragons
  7 orc warriors
  6 ice beasts
  A black bear (D:3)
  A necrophage (D:8)
  A hornet zombie (D:6)
  9 centaurs
  3 ogres
  A lemure (D:4)
  A phantom (D:6)
  A kobold brigand (D:10)
  Blork the orc (D:5)
  2 scorpions
  2 bullfrogs
  3 gnoll sergeants
  A water moccasin skeleton (D:5)
  14 killer bees
  6 howler monkeys
  2 bullfrog zombies
  5 centaur zombies
  2 jellies
  7 orc priests
  2 gnoll shamans
  An iguana (D:5)
  A hound (D:7)
  Jessica (D:3)
  9 orc wizards
  A killer bee zombie (D:7)
  A hound zombie (D:5)
  2 howler monkey zombies
  25 gnolls
  7 adders
  2 river rats (Sewer)
  An ufetubus (D:5)
  5 worms
  39 orcs
  4 bats
  9 endoplasms
  2 giant cockroaches (D:2)
  7 goblins
  8 hobgoblins
  2 jackals (D:1)
  24 kobolds
  2 quokkas
  9 ball pythons
  3 frilled lizards
  8 rats
321 creatures vanquished.

Vanquished Creatures (collateral kills)
  3 vampire mosquitoes (D:13)
3 creatures vanquished.

Vanquished Creatures (others)
  A bush (D:8)
  655 foxfires
656 creatures vanquished.

Grand Total: 980 creatures vanquished

Notes
Turn   | Place    | Note
-------+----------+-------------------------------------------
     0 | D:1      | robertstho the Djinni Fire Elementalist began the quest for
                  | the Orb.
     0 | D:1      | Reached XP level 1. HP: 15/15 MP: 0/0
   127 | D:1      | Reached skill level 3 in Spellcasting
   127 | D:1      | Reached XP level 2. HP: 10/21 MP: 0/0
   762 | D:1      | Reached XP level 3. HP: 22/25 MP: 0/0
   762 | D:1      | Learned a level 1 spell: Apportation
  1026 | D:1      | Found a faded altar of an unknown god.
  1784 | D:2      | Reached XP level 4. HP: 13/31 MP: 0/0
  1843 | D:2      | Reached skill level 4 in Spellcasting
  2964 | D:3      | Noticed Jessica
  2975 | D:3      | Killed Jessica
  2976 | D:3      | Reached XP level 5. HP: 30/35 MP: 0/0
  2976 | D:3      | Learned a level 2 spell: Passwall
  3077 | D:3      | Found a sacrificial altar of Ru.
  3441 | D:3      | Found a broken altar of Ashenzari.
  3769 | D:3      | Became a worshipper of Ashenzari the Shackled
  3871 | D:3      | Found a bloodstained altar of Trog.
  3897 | D:3      | Found a blossoming altar of Fedhas.
  3925 | D:3      | Noticed a black bear
  3934 | D:3      | Killed a black bear
  3935 | D:3      | Reached XP level 6. HP: 40/40 MP: 0/0
  3995 | D:4      | Noticed an ice beast
  3996 | D:4      | Reached skill level 5 in Spellcasting
  4000 | D:4      | Killed an ice beast
  4102 | D:4      | Noticed Eustachio
  4117 | D:4      | Killed Eustachio
  4118 | D:4      | Reached skill level 6 in Spellcasting
  4118 | D:4      | Reached XP level 7. HP: 46/46 MP: 0/0
  4118 | D:4      | Learned a level 2 spell: Poisonous Vapours
  4151 | D:4      | Found a staircase to the Ecumenical Temple.
  4247 | D:4      | Noticed Pikel
  4257 | D:4      | Killed Pikel
  4258 | D:4      | Reached skill level 7 in Spellcasting
  4258 | D:4      | Reached XP level 8. HP: 48/51 MP: 0/0
  4525 | D:5      | Entered Level 5 of the Dungeon
  4665 | D:5      | Found a glowing drain.
  4780 | Sewer    | Entered a sewer
  5127 | D:5      | Reached skill level 8 in Spellcasting
  5198 | D:5      | Noticed Blork the orc
  5207 | D:5      | Killed Blork the orc
  5458 | D:5      | Reached skill level 1 in Fighting
  5458 | D:5      | Reached skill level 9 in Spellcasting
  5458 | D:5      | Reached XP level 9. HP: 57/57 MP: 0/0
  5458 | D:5      | Learned a level 3 spell: Swiftness
  5898 | D:6      | Found a glowing golden altar of the Shining One.
  6506 | D:7      | Found a white marble altar of Elyvilon.
  6907 | D:7      | Reached skill level 1 in Short Blades
  6907 | D:7      | Reached skill level 10 in Spellcasting
  7230 | D:8      | Reached XP level 10. HP: 30/63 MP: 0/0
  7440 | D:8      | Reached skill level 11 in Spellcasting
  7955 | D:8      | Found a staircase to the Lair.
  8256 | D:9      | Identified the +6 spear of the Devouring Gnat {pain, rC+
                  | Will+ Str+2}
  8389 | D:9      | Noticed a cyclops
  8393 | D:9      | Killed a cyclops
  8401 | D:9      | Reached skill level 12 in Spellcasting
  8509 | D:9      | Found a sparkling altar of Nemelex Xobeh.
  8801 | D:9      | Noticed Psyche
  8804 | D:9      | Killed Psyche
  8805 | D:9      | Reached XP level 11. HP: 52/70 MP: 0/0
  8805 | D:9      | Learned a level 5 spell: Agony
  9068 | D:10     | Entered Level 10 of the Dungeon
  9069 | D:10     | Reached skill level 5 in Stealth
  9069 | D:10     | Reached XP level 12. HP: 79/79 MP: 0/0
  9403 | D:10     | Reached skill level 13 in Spellcasting
  9593 | D:10     | Found a shadowy altar of Dithmenos.
  9891 | D:11     | Noticed a two-headed ogre
  9894 | D:11     | Killed a two-headed ogre
  9938 | D:11     | Noticed a two-headed ogre
 10018 | D:11     | Killed a two-headed ogre
 10140 | D:11     | Found a staircase to the Orcish Mines.
 10735 | D:12     | Reached skill level 14 in Spellcasting
 10892 | D:12     | Reached XP level 13. HP: 67/85 MP: 0/0
 10892 | D:12     | Learned a level 5 spell: Summon Mana Viper
 11701 | D:13     | Reached skill level 15 in Spellcasting
 11771 | D:13     | Noticed Urug
 11786 | D:13     | Killed Urug
 11953 | D:13     | Found a glowing golden altar of the Shining One.
 12046 | D:13     | Noticed a vault guard
 12048 | D:13     | Noticed a rakshasa
 12052 | D:13     | Noticed a vault guard
 12146 | D:13     | Noticed a vault guard
 12379 | D:13     | HP: 3/85 [centaur warrior/arrow (15)]
 12379 | D:13     | Demolished by a skeletal warrior

Illustrated notes

Levels and vault maps discovered:
D:1:      nzn_arrival_crosshair, layout_basic, ebering_ecumenical_altar_ruins,
          minmay_misc_feat_rugged
D:2:      layout_basic
D:3:      layout_loops_ring, nicolae_overflow_quartered_altars, uniq_jessica
D:4:      layout_cave_pools, lemuel_temple_firewalk_a, uniq_eustachio,
          uniq_pikel
D:5:      layout_cave_pods, cheibrodos_sewer_entry_drain, uniq_blork_the_orc
D:6:      layout_loops_ring, amcnicky_altar_gilded
D:7:      layout_basic, elyvilon_altar_4, minmay_misc_feat_ornament
D:8:      layout_cave_pools, erik_lair_dragon, kb_lookout_dungeons_type,
          chequers_serial_rivers_micro_c, eino_jars
D:9:      layout_basic, nemelex_xobeh_ov_fountains_minmay, st_stairs_2,
          chequers_decorated_corner, uniq_psyche
D:10:     layout_long_grid, nicolae_dithmenos_the_darkroom, special_room
          [special_room_orc], minmay_misc_feat_pillars
D:11:     layout_basic, erik_orc_4, hangedman_abyss_or_decor_stabs
D:12:     layout_stronghold
D:13:     layout_basic, grunt_vaults_entry_fortified, gauntlet_entry_generic,
          minivault_27, tso_oasis_becter, uniq_urug

Skill      XL: |  1  2  3  4  5  6  7  8  9 10 11 12 13 |
---------------+----------------------------------------+-----
Spellcasting   | 3 4 6 7 9 10 12 14 15 | 15.4
Stealth        | 2 3 4 5 |  5.3
Dodging        | 3 4 6 7 |  7.0
Fighting       | 1 2 4 |  4.6
Short Blades   | 1 2 4 |  4.7
Axes           | 2 |  2.1
Armour         | 3 |  3.2
Evocations     | 2 |  2.2
Polearms       | |  0.9

Action                   |  1- 3 |  4- 6 |  7- 9 | 10-12 | 13-15 || total
-------------------------+-------+-------+-------+-------+-------++-------
Melee: Spear             |       |     2 |       |       |       ||     2
       Dagger            |       |       |     5 |     6 |     1 ||    12
 Cast: Foxfire           |    96 |   136 |   170 |       |       ||   402
       Sticky Flame      |       |     1 |    13 |    24 |    27 ||    65
       Fireball          |       |       |    31 |   166 |    46 ||   243
       Summon Mana Viper |       |       |       |       |     8 ||     8
       Conjure Flame     |       |       |       |       |     1 ||     1
       Swiftness         |       |       |       |       |     1 ||     1
Invok: Curse Item        |       |       |       |     1 |       ||     1
       Shatter the Chain |       |       |       |     1 |       ||     1
  Use: Scroll            |     3 |       |       |       |     2 ||     5
       Potion            |       |     1 |       |     2 |     4 ||     7
 Stab: Sleeping          |       |       |     1 |       |       ||     1
Armor: Robe              |     4 |       |     2 |     8 |     1 ||    15
Dodge: Dodged            |     9 |    11 |    26 |    32 |    46 ||   124

Table legend: (Time is in decaauts)
 A = Elapsed time spent in this place.
 B = Non-inter-level travel time spent in this place.
 C = Inter-level travel time spent in this place.
 D = Time resting spent in this place.
 E = Time spent auto-exploring this place.
 F = Levels seen in this place.
 G = Mean time per level.
                   A        B        C        D        E       F      G
               +--------+--------+--------+--------+--------+-----+--------+
         Total |  12373 |  11877 |    496 |    659 |   9280 |  14 |  883.8 |
       Dungeon |  12063 |  11567 |    496 |    659 |   9115 |  13 |  927.9 |
         Sewer |    310 |    310 |      0 |      0 |    165 |   1 |  310.0 |
               +--------+--------+--------+--------+--------+-----+--------+

Top non-repeatable levels by time:
     D:1: 1741 daAuts
     D:3: 1178 daAuts
     D:2: 1069 daAuts
    D:12: 1053 daAuts
     D:8: 1045 daAuts
     D:5: 977 daAuts
    D:10: 883 daAuts
     D:9: 838 daAuts
    D:11: 702 daAuts
     D:6: 691 daAuts
     D:7: 681 daAuts
    D:13: 666 daAuts
     D:4: 534 daAuts
   Sewer: 310 daAuts
